 Dungeon Crawl Stone Soup version 0.26-a0-665-gefeb406119 (webtiles) character file.

Game seed: 11514391986076831826

76 reriks the Sneak (level 4, 0/27 HPs)
             Began as an Octopode Hedge Wizard on Oct 14, 2020.
             Slain by an adder (3 damage)
             ... on level 2 of the Dungeon.
             The game lasted 00:01:34 (1081 turns).

reriks the Sneak (Octopode Hedge Wizard)            Turns: 1081, Time: 00:01:35

Health: 0/27       AC:  1    Str:  9    XL:     4   Next: 32%
Magic:  0/9        EV: 14    Int: 17    God:
Gold:   44         SH:  0    Dex: 11    Spells: 3/9 levels left

rFire    . . .     SeeInvis .   a - +0 dagger
rCold    . . .     Faith    .   (no shield)
rNeg     . . .     Spirit   .   b - +0 hat
rPois    .         Reflect  .   (no amulet)
rElec    .         Harm     .   (no ring)
rCorr    .         Rampage  .   (no ring)
MR       .....                  (no ring)
Stlth    +++.......             (no ring)
HPRegen  0.09/turn              (no ring)
MPRegen  0.11/turn              (no ring)
                                (no ring)
                                (no ring)

@: lethally poisoned (0 -> -4), very slightly contaminated
A: almost no armour, stealthy swim, amphibious, 8 rings, constrict 8, camouflage
1, gelatinous body 1
a: no special abilities


You were on level 2 of the Dungeon.
You visited 1 branch of the dungeon, and saw 2 of its levels.

You collected 44 gold pieces.

Inventory:

Hand Weapons
 a - a +0 dagger (weapon)
Armour
 b - a +0 hat (worn)
Scrolls
 c - a scroll of enchant weapon {unknown}
Potions
 d - a potion of cancellation {unknown}
 e - a potion of might {unknown}


   Skills:
 + Level 2.8 Dodging
 + Level 3.9 Stealth
 + Level 3.4 Spellcasting
 + Level 2.1 Conjurations
   Level 1.0 Summonings
 - Level 1.0 Translocations


You had 3 spell levels left.
You knew the following spells:

 Your Spells              Type           Power        Failure   Level
a - Magic Dart            Conj           ##..         7%          1
b - Blink                 Tloc           N/A          17%         2
c - Mephitic Cloud        Conj/Pois/Air  #.......     36%         3

Your spell library contained the following spells:

 Spells                   Type           Power        Failure   Level
 Call Imp                 Summ           #.......     17%         2
 Slow                     Hex            #.......     26%         2
 Conjure Flame            Conj/Fire      #.......     32%         3


Dungeon Overview and Level Annotations

Branches:
Dungeon (2/15)

Altars:
Ashenzari


Innate Abilities, Weirdness & Mutations

You cannot wear most types of armour.
You are very stealthy in the water. (Stealth+)
You are amphibious.
You can wear up to eight rings at the same time.
You can use your tentacles to constrict eight enemies at once.
Your skin changes colour to match your surroundings (Stealth+).
Your rubbery body absorbs attacks. (AC +1, EV +1)


Message History

* * * LOW HITPOINT WARNING * * *
Casting: Magic Dart (safe; 7% risk of failure)
Confirm with . or Enter, or press ? or * to list all spells.
Aiming: Magic Dart (safe; 7% risk of failure)
Press: ? - help, Shift-Dir - straight line, f/p - adder
Aim: an adder (moderately wounded)
The magic dart hits the adder.
The adder is heavily wounded.
* * * LOW HITPOINT WARNING * * *
You feel sick. The adder completely misses you.
Casting: Magic Dart (safe; 7% risk of failure)
Confirm with . or Enter, or press ? or * to list all spells.
Aiming: Magic Dart (safe; 7% risk of failure)
Press: ? - help, Shift-Dir - straight line, f/p - adder
Aim: an adder (heavily wounded)
The magic dart hits the adder but does no damage.
The adder is heavily wounded.
* * * LOW HITPOINT WARNING * * *
You feel sick. The adder bites you.
You die...

..##.#.....#.#.#
..##.###.###.#.#
..##..[......#.#
..#######.####.#
..# .# #.# ..#
.† #.# '## #.#
#.# .#
##.###.####.# .#
........S@...#
.#
###..##.######
## .=.. ....
..#..##.# . #.
... .. #.# . #.#
.[


You could see an adder.

Vanquished Creatures
  A howler monkey (D:2)
  2 adders (D:2)
  An ooze (D:2)
  A leopard gecko (D:2)
  An orc (D:2)
  A giant cockroach (D:2)
  2 goblins (D:2)
  A hobgoblin (D:1)
  A ball python (D:2)
  2 bats (D:2)
  2 kobolds
  A rat (D:2)
16 creatures vanquished.

Notes
Turn   | Place    | Note
-------+----------+-------------------------------------------
     0 | D:1      | reriks the Octopode Hedge Wizard began the quest for the
                  | Orb.
     0 | D:1      | Reached XP level 1. HP: 11/11 MP: 4/4
    19 | D:2      | Reached XP level 2. HP: 17/17 MP: 1/6
   213 | D:2      | Found a broken altar of Ashenzari.
   621 | D:2      | Reached XP level 3. HP: 21/21 MP: 5/7
   812 | D:2      | Learned a level 2 spell: Blink
   816 | D:2      | Learned a level 3 spell: Mephitic Cloud
  1066 | D:2      | Reached XP level 4. HP: 18/27 MP: 3/9
  1081 | D:2      | Slain by an adder

Illustrated notes

Levels and vault maps discovered:
D:1:      dpeg_arrival_connections, layout_basic
D:2:      layout_basic, ashenzari_conservatory_becter, minmay_misc_feat_tiny

Skill      XL: |  1  2  3 |
---------------+----------+-----
Stealth        | 3 |  3.9
Conjurations   | 2 |  2.1
Dodging        | |  2.8
Spellcasting   | |  3.4
Summonings     | |  1.0
Translocations | |  1.0

Action                   |  1- 3 |  4- 6 || total
-------------------------+-------+-------++-------
Melee: Dagger            |     8 |       ||     8
       Constrict         |     2 |       ||     2
       Tentacles         |     1 |       ||     1
 Cast: Magic Dart        |    43 |     5 ||    48
 Stab: Sleeping          |     3 |       ||     3
Armor: Skin              |     3 |       ||     3
Dodge: Dodged            |    10 |     1 ||    11

Table legend: (Time is in decaauts)
 A = Elapsed time spent in this place.
 B = Non-inter-level travel time spent in this place.
 C = Inter-level travel time spent in this place.
 D = Time resting spent in this place.
 E = Time spent auto-exploring this place.
 F = Levels seen in this place.
 G = Mean time per level.
                   A        B        C        D        E       F      G
               +--------+--------+--------+--------+--------+-----+--------+
         Total |   1081 |   1081 |      0 |    557 |    366 |   2 |  540.5 |
       Dungeon |   1081 |   1081 |      0 |    557 |    366 |   2 |  540.5 |
               +--------+--------+--------+--------+--------+-----+--------+

Top non-repeatable levels by time:
     D:2: 1027 daAuts
     D:1: 54 daAuts
